Map: Apotheosis LE

Players

Kelazhur - Winner!

  • Race: Terran Terran
  • League: Master
  • Spawn Location: 5:00

Smile

  • Race: Terran Terran
  • Spawn Location: 11:00

Event: Copa América 2016 Grand Finals

VOD

https://youtu.be/UbXhCL3rwDs

Description

Time

  • Played on: Oct. 13, 2016, 6:39 p.m.
  • Length: 9:12

All games in this series

Show
View Real Time Build Order
Export as new Build Order

Kelazhur Terran - Winner!

Build Orders:  

Get SALT Encoding   

  12  0:08  Supply Depot  
  12  0:13  SCV  
  13  0:26  SCV  
  14  0:40  Barracks  
  14  0:43  Refinery  
  14  0:57  Barracks  
  14  1:02  SCV  
  15  1:14  SCV  
  16  1:26  Reaper  
  16  1:28  Barracks  
  17  1:35  Refinery  
  17  1:43  Reaper  
  18  1:55  Orbital Command  
  18  2:02  Reaper  
  19  2:17  Reaper  
  19  2:20  Reaper  
  18  2:34  Reaper  
  16  2:49  Reaper  
  13  2:52  Reaper  
  10  4:58  Orbital Command  
  10  5:34  SCV  
  11  5:39  Marine  
  12  5:46  Supply Depot  
  12  5:49  Marine  
  13  5:56  Marine, SCV  
  15  6:07  Marine  
  15  6:08  SCV  
  16  6:16  Marine  
  17  6:25  Marine  
  12  6:33  Marine  
  12  6:34  SCV  
  12  6:37  Refinery  
  13  6:41  Marine  
  13  6:43  Marine  
  15  6:51  Marine  
  16  6:59  Marine  
  16  7:01  SCV  
  18  7:05  Marine  
  19  7:09  Marine  
  20  7:21  SCV  
  22  7:33  SCV  
  22  7:38  Reaper  
  22  7:43  Reaper  
  24  7:47  SCV  
  25  8:03  SCV  
  26  8:10  Reaper  
  26  8:18  Reaper  
Show
View Real Time Build Order
Export as new Build Order

Smile Terran 

Build Orders:  

Get SALT Encoding   

  12  0:11  Supply Depot  
  12  0:25  Refinery  
  12  0:43  Barracks  
  12  0:57  Barracks  
  12  1:11  Refinery  
  12  1:31  Reaper  
  13  1:38  Barracks  
  13  1:46  Reaper  
  14  2:04  Reaper  
  14  2:18  Reaper  
  10  3:03  Reaper  
  8  5:42  Reaper  
  9  5:57  Reaper  
  10  6:14  SCV  
  9  6:31  SCV  
  10  6:33  Marine  
  11  6:44  SCV  
  12  6:48  Marine  
  13  6:59  Marine  
  14  7:03  Marine  
  15  7:35  Supply Depot  
  15  7:56  Marine  
  16  8:00  SCV  
  17  8:07  Marine  
  18  8:14  Marine  
  18  8:17  Marine  
  19  8:24  Marine  
Tags
 
Add a new tag
Caveats
  • Supply blocks, unpowered buildings, or Contaminate may cause inaccurate times.
  • Supply counts are checked every 10 seconds.